 Dungeon Crawl Stone Soup version 0.29.1-1-gd02db6906a (webtiles) character file.

Game seed: 9952009387389212365

2760 KamiKatze the Chopper (level 9, -7/109 HPs)
             Began as a Palentonga Fighter on Oct 3, 2022.
             Was a Follower of Trog.
             Mangled by a vault guard
             ... wielding a +0 broad axe
              (14 damage)
             ... in a bailey.
             The game lasted 00:21:13 (6274 turns).

KamiKatze the Chopper (Palentonga Fighter)          Turns: 6274, Time: 00:21:14

Health: -7/109     AC: 16    Str: 24    XL:     9   Next: 41%
Magic:  9/9        EV: 10    Int:  9    God:    Trog [*.....]
Gold:   564        SH:  5    Dex: 17    Spells: 8/8 levels left

rFire   . . .      SeeInvis +   a - +0 war axe
rCold   . . .      Faith    .   c - +0 buckler
rNeg    . . .      Spirit   .   C - +0 scale mail
rPois   .          Reflect  .   o - +1 helmet
rElec   .          Harm     .   i - scarf {+Inv}
rCorr   .          Rampage  .   (no gloves)
Will    .....                   (no barding)
Stlth   ..........              (no amulet)
HPRegen 0.28/turn               q - +6 ring of dexterity
MPRegen 0.11/turn               (no ring)

@: berserking (expiring), curled up, very quick
A: large, rugged brown scales 3, see invisible, deformed body, roll 1, armoured
tail, reflexive curl
a: Rolling Charge, Renounce Religion, Evoke Invisibility, Berserk


You were in a bailey.
You worshipped Trog.
Trog was aware of your devotion.
You visited 2 branches of the dungeon, and saw 8 of its levels.
You also visited: Ossuary and Bailey.

You collected 674 gold pieces.
You spent 110 gold pieces at shops.

Inventory:

Hand Weapons
 a - a +0 war axe (weapon)
 b - a +0 broad axe of freezing
 v - the +2 hand axe of Trog's Grace {vorpal, rF+}
   (You found it on level 7 of the Dungeon)

   It inflicts extra damage upon your enemies.
   rF:        It protects you from fire.
 w - a +2 flail of protection
Missiles
 m - 12 poisoned darts (quivered)
Armour
 c - a +0 buckler (worn)
 i - a scarf of invisibility (worn)
 o - a +1 helmet (worn)
 C - a +0 scale mail (worn)
Jewellery
 g - a ring of fire
 q - a +6 ring of dexterity (left hand)
 x - a ring of fire
Wands
 r - a wand of flame (6)
 y - a wand of paralysis (9)
Scrolls
 h - a scroll of immolation
 k - a scroll of fear
 l - a scroll of enchant armour
 p - a scroll of acquirement
Potions
 d - 3 potions of might
 e - 5 potions of haste
 f - a potion of resistance
 j - 6 potions of curing
 n - 3 potions of mutation
 s - 2 potions of lignification
 t - 2 potions of magic
 u - 3 potions of heal wounds
 A - a potion of berserk rage


   Skills:
 + Level 6.0 Fighting
 * Level 7.9 Axes
 + Level 5.0 Armour
 + Level 4.4 Dodging
 - Level 4.0 Shields
 - Level 3.0 Evocations


You had 8 spell levels left.
You didn't know any spells.
Your spell library contained the following spells:

 Spells                   Type           Power      Damage    Failure   Level
 Foxfire                  Conj/Fire      0%         2x1d4     75%         1
 Conjure Flame            Conj/Fire      0%         6-21      98%         3
 Inner Flame              Hex/Fire       0%         N/A       98%         3
 Flame Wave               Conj/Fire      0%         2d4       100%        4


Dungeon Overview and Level Annotations

Branches:
Dungeon (7/15)             Temple (1/1) D:4         Ossuary (visited)
 Bailey (1/1)

Altars:
Ashenzari
Cheibriados
Dithmenos
Elyvilon
Fedhas
Gozag
Hepliaklqana
Kikubaaqudgha
Makhleb
Nemelex Xobeh
Okawaru
Qazlal
Ru
Sif Muna
Trog
Vehumet
Wu Jian
Yredelemnul
Zin
The Shining One

Shops:
D:6 *


Innate Abilities, Weirdness & Mutations

You are completely covered in rugged brown scales. (AC +3, +7% HP)
You have supernaturally acute eyesight. (SInv)
Armour fits poorly on your strangely shaped body.
You can roll at nearby foes to attack.
You have a long armoured tail.
You curl defensively after being hit. (AC +7*)


Message History

You slash the bullfrog! You block the bullfrog's attack.
The vault guard hits you with a +0 broad axe!
You slash the vault guard!
The vault guard is lightly wounded.
You hit the bullfrog.
You kill the bullfrog!
Trog accepts your kill.
Your Fighting skill increases to level 6!
Unknown command.
You hit the vault guard.
The vault guard is moderately wounded.
The vault guard hits you with a +0 broad axe!
You slash the vault guard!
The vault guard is moderately wounded.
The vault guard hits you with a +0 broad axe!
You hit the vault guard.
The vault guard is heavily wounded.
The vault guard hits you with a +0 broad axe!!
* * * LOW HITPOINT WARNING * * *
You hit the vault guard.
Your tail-slap misses the vault guard.
The vault guard is heavily wounded.
You hit the vault guard but do no damage.
The vault guard is heavily wounded.
You block the vault guard's attack.
You closely miss the vault guard.
Your tail-slap misses the vault guard.
The vault guard is heavily wounded.
The vault guard closely misses you.
You slash the vault guard! You tail-slap the vault guard.
The vault guard is severely wounded.
You block the vault guard's attack.
You hit the vault guard.
The vault guard is severely wounded.
You slash the vault guard!
The vault guard is almost dead.
The vault guard hits you with a +0 broad axe!!
* * * LOW HITPOINT WARNING * * *
You slash the vault guard!
The vault guard is almost dead.
The vault guard hits you with a +0 broad axe!
You die...

###### #~.'.###
#~~..#≈.~## #~p..
#≈p~~## #... ##≈@~~~#
#########??###≈~..~##
#....#≈≈####≈≈~...##
.....#~~≈≈≈≈~~....#
..#..'†)~~~~..~...+
..#..#.).......~..#
.##..#≈≈≈~...~~..~#
..#######≈~....~..~#
.......##≈~~~~~~~~~≈#


You could see a vault guard.

Vanquished Creatures
  A hornet (D:7)
  Sigmund (D:4)
  A human (Bailey)
  A black bear (D:6)
  2 ogres
  2 phantoms (D:6)
  2 necrophages (D:5)
  3 scorpions
  12 bullfrogs
  A howler monkey (D:5)
  2 jellies
  2 orc priests (D:4)
  3 hounds (D:5)
  3 iguanas
  Natasha (thrice) (D:3)
  An orc wizard (D:6)
  8 mummies (Ossuary)
  Robin (D:3)
  7 adders
  6 gnolls
  A shadow imp (D:5)
  An ufetubus (D:6)
  A worm (D:2)
  18 orcs
  12 ball pythons
  3 endoplasms
  A giant cockroach (D:1)
  21 goblins
  7 hobgoblins
  3 jackals (D:1)
  A quokka (D:1)
  4 bats
  5 frilled lizards
  3 hobgoblin zombies (Ossuary)
  5 kobolds
  4 kobold zombies (Ossuary)
  An orc zombie (Ossuary)
  3 rats
156 creatures vanquished.

Vanquished Creatures (collateral kills)
  2 gnolls (D:5)
2 creatures vanquished.

Grand Total: 158 creatures vanquished

Notes
Turn   | Place    | Note
-------+----------+-------------------------------------------
     0 | D:1      | KamiKatze the Palentonga Fighter began the quest for the
                  | Orb.
     0 | D:1      | Reached XP level 1. HP: 19/19 MP: 1/1
   203 | D:1      | Reached XP level 2. HP: 25/25 MP: 2/2
   795 | D:2      | Reached XP level 3. HP: 27/31 MP: 3/3
  1015 | D:2      | Found a glowing golden altar of the Shining One.
  1318 | D:3      | Reached XP level 4. HP: 29/37 MP: 4/4
  1388 | D:3      | Reached skill level 1 in Dodging
  1397 | D:3      | Reached skill level 3 in Axes
  1749 | D:3      | Noticed Robin
  1754 | D:3      | Killed Robin
  1755 | D:3      | Reached XP level 5. HP: 39/43 MP: 5/5
  1758 | D:3      | Reached skill level 1 in Evocations
  1991 | D:4      | Noticed Natasha
  2005 | D:3      | Killed Natasha
  2231 | D:3      | Noticed Natasha
  2239 | D:3      | Killed Natasha
  2240 | D:3      | Reached XP level 6. HP: 37/50 MP: 6/6
  2273 | D:3      | Noticed Natasha
  2280 | D:3      | Killed Natasha
  2294 | D:4      | Noticed Sigmund
  2297 | D:4      | Killed Sigmund
  2298 | D:4      | Reached skill level 4 in Axes
  2340 | D:4      | Gained mutation: You curl defensively after being hit. (AC
                  | +7*) [Palentonga growth]
  2340 | D:4      | Reached XP level 7. HP: 56/56 MP: 7/7
  2346 | D:4      | Identified the +1 ring mail of the Storm King {Rampage
                  | Regen+ Str+2 Dex-5}
  3092 | D:4      | Found a staircase to the Ecumenical Temple.
  3106 | Temple   | Entered the Ecumenical Temple
  3239 | Temple   | Became a worshipper of Trog the Wrathful
  3299 | D:5      | Entered Level 5 of the Dungeon
  3302 | D:5      | Identified a scroll of acquirement
  3464 | D:5      | Found a sand-covered staircase.
  3480 | Ossuary  | Entered an ossuary
  3565 | Ossuary  | Reached skill level 5 in Axes
  3865 | Ossuary  | Reached * piety under Trog
  4187 | D:5      | Found an iron altar of Okawaru.
  4209 | D:5      | Reached XP level 8. HP: 54/65 MP: 8/8
  4925 | D:6      | Found Enuh's General Store.
  4935 | D:6      | Bought a +0 broad axe of freezing for 110 gold pieces
  5108 | D:5      | Reached skill level 6 in Axes
  5559 | D:6      | Reached skill level 5 in Fighting
  5822 | D:7      | Noticed a hornet
  5834 | D:7      | Killed a hornet
  5835 | D:7      | Reached skill level 7 in Axes
  5839 | D:7      | Found a flagged portal.
  5843 | D:7      | Identified the +2 hand axe of Trog's Grace {vorpal, rF+}
  5844 | D:7      | Identified the +4 hand axe "Sariri" {vorpal, rF- rN++}
  5872 | Bailey   | Entered a bailey
  5894 | Bailey   | Reached XP level 9. HP: 52/72 MP: 9/9
  6141 | Bailey   | Reached skill level 5 in Armour
  6254 | Bailey   | Noticed a vault guard
  6274 | Bailey   | Mangled by a vault guard

Illustrated notes

Levels and vault maps discovered:
D:1:      lightli_arrival_quake, layout_basic, minmay_pentomino_x4
D:2:      cheibrodos_old_hovel, layout_basic, basic_altar
D:3:      layout_basic, nrook_loot_triangle, uniq_robin
D:4:      layout_cave_pools, temple_green, uniq_natasha, uniq_sigmund
D:5:      layout_basic, old_standard_altar, nicolae_ossuary_entry_ruins,
          minmay_misc_feat_nine_boxes
D:6:      wander_river, layout_rooms, serial_shops, shop
D:7:      layout_loops_ring, gammafunk_ghost_hive, enter_bailey_2, uniq_pikel,
          uniq_joseph
Temple:   nicolae_temple_bog_church
Bailey:   bailey_axe_froggy_fort_hellmonk, bailey

Skill      XL: |  1  2  3  4  5  6  7  8  9 |
---------------+----------------------------+-----
Shields        | 3 4 |  4.0
Dodging        | 1 2 3 4 |  4.4
Axes           | 3 4 5 7 |  7.9
Evocations     | 1 2 3 |  3.0
Armour         | 3 4 5 |  5.0
Fighting       | 4 5 6 |  6.0

Action                   |  1- 3 |  4- 6 |  7- 9 || total
-------------------------+-------+-------+-------++-------
Melee: War axe           |    96 |    94 |   245 ||   435
       Tailslap          |    10 |    13 |    33 ||    56
Invok: Berserk           |       |       |     6 ||     6
 Abil: Rolling Charge    |    27 |    22 |    25 ||    74
Evoke: Wand              |       |       |     4 ||     4
  Use: Scroll            |     5 |       |    17 ||    22
       Potion            |       |     2 |     1 ||     3
Armor: Scale mail        |    41 |    53 |   105 ||   199
Dodge: Dodged            |    32 |    41 |   110 ||   183
Block: Buckler           |    16 |    18 |    49 ||    83
